 Dungeon Crawl Stone Soup version 0.23-a0-8-gb809bb7 (webtiles) character file.

14662 Kuinu the Fighter (level 11, -2/107 HPs)
             Began as a Red Draconian Berserker on Aug 1, 2018.
             Was a High Priest of Trog.
             Killed from afar by Josephine (21 damage)
             ... with a ghostly fireball
             ... on level 10 of the Dungeon.
             The game lasted 00:24:37 (8300 turns).

Kuinu the Fighter (Red Draconian Berserker)         Turns: 8300, Time: 00:24:38

Health: -2/107     AC:  7    Str: 22    XL:     11   Next: 91%
Magic:  11/11      EV: 17    Int:  7    God:    Trog [*****.]
Gold:   591        SH:  0    Dex: 17    Spells: 10/10 levels left

rFire    + + .     SeeInvis .   H - +12 glaive of the Countless Tables {speed, rC+ MR+ Str+3}
rCold    + . .     Gourm    .   (shield currently unavailable)
rNeg     . . .     Faith    .   (armour unavailable)
rPois    .         Spirit   .   (helmet restricted)
rElec    .         Reflect  .   (no cloak)
rCorr    .         Harm     .   (no gloves)
MR       +++..                  (no boots)
Stlth    ++........             (no amulet)
HPRegen  1.27/turn              t - +2 ring of dexterity
MPRegen  0.12/turn              z - ring of protection from fire

@: lethally poisoned (-2 -> -2), berserk cooldown, regenerating, slowed,
drained, very slow
A: breathe fire, unfitting armour, fire resistance 1, cold-blooded, AC +7
a: Breathe Fire, Berserk, Trog's Hand, Brothers in Arms, Renounce Religion


You were on level 10 of the Dungeon.
You worshipped Trog.
Trog was extremely pleased with you.
You were very hungry.

You visited 2 branches of the dungeon, and saw 11 of its levels.

You collected 591 gold pieces.

Inventory:

Hand Weapons
 a - a +0 falchion
 k - a +3 mace of protection
 r - the +9 quarterstaff "Spider's Bane" {protect, +Fly Str+3}
   (You found it on level 4 of the Dungeon)

   It protects the one who uses it against injury (+AC on strike).
   It affects your strength (+3).
   It lets you fly.
 x - a +0 antimagic war axe
 y - a +2 antimagic war axe
 E - a +0 long sword
 G - a +1 dagger of flaming
 H - the +12 glaive of the Countless Tables (weapon) {speed, rC+ MR+ Str+3}
   (You found it on level 10 of the Dungeon)

   Attacks with this weapon are significantly faster.
   It affects your strength (+3).
   It protects you from cold.
   It affects your resistance to hostile enchantments.
 L - a +3 antimagic great sword
Jewellery
 g - an uncursed ring of positive energy
 t - a +2 ring of dexterity (left hand)
 z - a ring of protection from fire (right hand)
 A - an uncursed ring of stealth
Wands
 c - a wand of clouds (5)
 l - a wand of random effects (21)
 s - a wand of iceblast (12)
 B - a wand of polymorph (18)
Scrolls
 d - a scroll of random uselessness
 e - 2 scrolls of amnesia {unknown}
 f - 7 scrolls of fog {unknown}
 h - 10 scrolls of remove curse {unknown}
 j - 3 scrolls of fear {unknown}
 C - a scroll of enchant weapon {unknown}
 D - a scroll of enchant armour {unknown}
 J - 3 scrolls of identify
 K - 2 scrolls of noise {unknown}
 M - a scroll of holy word {unknown}
 N - a scroll of magic mapping {unknown}
Potions
 i - 3 potions of agility
 m - 3 potions of curing
 n - 3 potions of flight
 o - 2 potions of haste
 p - a potion of heal wounds
 q - 2 potions of mutation
 u - a potion of brilliance
 v - 3 potions of might
 w - a potion of lignification
 I - a potion of ambrosia {unknown}
Comestibles
 b - 31 rations
 F - 4 chunks of flesh


   Skills:
 * Level 13.4(12.0) Fighting
 * Level 12.4(11.1) Long Blades
 + Level 8.5(7.3) Dodging


You had 10 spell levels left.
You didn't know any spells.
Your spell library was empty.

Dungeon Overview and Level Annotations

Branches:
Dungeon (10/15)            Temple (1/1) D:6             Orc (0/2) D:9
   Lair: D:8-11

Altars:
Ashenzari
Cheibriados
Dithmenos
Fedhas
Gozag
Kikubaaqudgha
Makhleb
Okawaru
Ru
Sif Muna
Trog
Wu Jian
Xom
Zin
The Shining One

Annotations:
D:10 Josephine


Innate Abilities, Weirdness & Mutations

You can breathe blasts of fire.
Your fiery red scales are hard. (AC +7)
You cannot fit into any form of body armour.
Your flesh is heat resistant. (rF+)
You are cold-blooded and may be slowed by cold attacks.


Message History

Press: ? - help, Dir - move target cursor, f - Josephine, p - wraith
Aim: Josephine, wielding a dagger and wearing an embroidered robe You carve Josephine like a ham!!!
You tail-slap Josephine!
Josephine is almost dead.
You are no longer berserk.
You are exhausted.
You feel as though you will be slow longer.
You feel sick. Josephine barely misses you.
Okay, then.
Your skin crawls.
You feel resistant to hostile enchantments.
You are feeling very hungry.
You feel sick. Josephine hits you with a dagger.
* * * LOW HITPOINT WARNING * * *
The wraith completely misses you.
A wraith comes into view.
The wraith completely misses you. Josephine casts a spell at you.
The ghostly flame explodes!
The ghostly fireball engulfs you!
You feel drained.
You die...

# #.# . #(#
#.######(##
#.#.......#
#.......†.# ###
###...(...#### ....
#..........#####....
#..).......(........
#..........@W.......
###....#'##@W.......
#.##.#....(....##
#.#######W.....# #..
#......# ###
#W###### ..W ....
.....


You could see Josephine and 5 wraiths.

Vanquished Creatures
  Fannar (D:10)
  3 two-headed ogres
  Sonja (D:10)
  A wolf spider zombie (D:7)
  A cyclops (D:9)
  4 centaur zombies
  Psyche (D:10)
  A hellwing (D:7)
  3 hippogriffs
  Sigmund (D:3)
  16 yaks
  A human (D:8)
  4 hogs (D:8)
  A water moccasin (D:9)
  A black bear (D:8)
  6 orc warriors
  2 ice beasts
  3 eyes of draining
  2 phantoms (D:7)
  5 ogres
  5 centaurs
  A crocodile (D:9)
  4 bullfrogs
  A wyvern zombie (D:7)
  A wyvern skeleton (D:7)
  6 scorpions
  10 killer bees
  A wight (D:9)
  A howler monkey (D:4)
  3 crimson imps
  A quasit (D:9)
  2 bullfrog zombies
  A bullfrog skeleton (D:7)
  4 orc priests
  5 hounds
  2 jellies
  A centaur skeleton (D:4)
  5 iguanas
  Natasha (D:2)
  19 orc wizards
  7 worker ants
  2 hound zombies
  Robin (D:2)
  11 gnolls
  16 adders
  6 shadow imps
  A white imp (D:4)
  3 oozes
  3 adder skeletons
  3 worms
  2 dart slugs (D:1)
  4 leopard geckos
  38 orcs
  9 bats
  7 giant cockroaches
  12 goblins
  8 hobgoblins
  4 jackals (D:4)
  6 kobolds
  5 quokkas
  3 ball pythons
  5 frilled lizards
  2 goblin skeletons (D:4)
  2 goblin zombies (D:4)
  A hobgoblin zombie (D:4)
  A kobold zombie (D:4)
  An orc skeleton (D:4)
  A quokka skeleton (D:8)
  5 rats
301 creatures vanquished.

Vanquished Creatures (others)
  An orc wizard (D:7)
  An orc (D:10)
  2 withered plants (D:7)
4 creatures vanquished.

Grand Total: 305 creatures vanquished

Notes
Turn   | Place    | Note
-------+----------+-------------------------------------------
     0 | D:1      | Kuinu the Draconian Berserker began the quest for the Orb.
     0 | D:1      | Reached XP level 1. HP: 19/19 MP: 1/1
   144 | D:1      | Reached XP level 2. HP: 25/26 MP: 2/2
   640 | D:1      | Reached XP level 3. HP: 32/33 MP: 3/3
   878 | D:2      | Reached skill level 4 in Fighting
   956 | D:2      | Reached ** piety under Trog
  1049 | D:2      | Noticed Robin
  1055 | D:2      | Reached XP level 4. HP: 40/40 MP: 4/4
  1066 | D:2      | Killed Robin
  1201 | D:2      | Noticed Natasha
  1213 | D:2      | Killed Natasha
  1541 | D:3      | Found an opulent altar of Gozag.
  1556 | D:3      | Reached XP level 5. HP: 47/47 MP: 5/5
  1635 | D:3      | Noticed Sigmund
  1650 | D:3      | Killed Sigmund
  1650 | D:3      | Reached skill level 5 in Fighting
  1650 | D:3      | Reached skill level 5 in Long Blades
  1650 | D:3      | Reached XP level 6. HP: 56/56 MP: 6/6
  1669 | D:3      | Found a faded altar of an unknown god.
  1943 | D:3      | Found a glowing silver altar of Zin.
  2075 | D:4      | Got a slimy quarterstaff
  2080 | D:4      | Found a glowing golden altar of the Shining One.
  2093 | D:4      | Reached *** piety under Trog
  2124 | D:4      | Identified the +9 quarterstaff "Spider's Bane" {protect, +Fly Str+3} (You found it on level 4 of the Dungeon)
  2323 | D:4      | Reached skill level 6 in Fighting
  2440 | D:4      | Found a shimmering altar of Xom.
  2441 | D:4      | Your scales start taking on a fiery red colour.
  2441 | D:4      | Reached XP level 7. HP: 46/63 MP: 7/7
  2441 | D:4      | Gained mutation: Your flesh is heat resistant. (rF+) [Red Draconian growth]
  2712 | D:4      | Found a bloodstained altar of Trog.
  2879 | D:5      | Entered Level 5 of the Dungeon
  2906 | D:5      | Reached skill level 7 in Fighting
  2959 | D:5      | Reached XP level 8. HP: 26/73 MP: 8/8
  3292 | D:5      | Found a deep blue altar of Sif Muna.
  3295 | D:5      | Found a shattered altar of Ashenzari.
  3298 | D:5      | Found an iron altar of Okawaru.
  3346 | D:5      | Reached **** piety under Trog
  3422 | D:5      | Found a sacrificial altar of Ru.
  3747 | D:6      | Found a blossoming altar of Fedhas.
  3753 | D:6      | Reached skill level 8 in Fighting
  3753 | D:6      | Reached skill level 5 in Dodging
  3967 | D:6      | Found a staircase to the Ecumenical Temple.
  3969 | D:6      | Found an ornate altar of the Wu Jian Council.
  3975 | Temple   | Entered the Ecumenical Temple
  4168 | D:6      | Found an opulent altar of Gozag.
  4295 | D:7      | Reached skill level 9 in Fighting
  4295 | D:7      | Reached XP level 9. HP: 20/83 MP: 9/9
  4515 | D:7      | Noticed a hellwing
  4527 | D:7      | Killed a hellwing
  4637 | D:7      | Reached skill level 10 in Fighting
  4875 | D:7      | Found a burning altar of Makhleb.
  4945 | D:7      | Reached XP level 10. HP: 94/94 MP: 10/10
  4956 | D:7      | Reached ***** piety under Trog
  5252 | D:7      | Found a shadowy altar of Dithmenos.
  5315 | D:7      | Reached skill level 10 in Long Blades
  5528 | D:8      | Reached skill level 11 in Fighting
  5658 | D:8      | Noticed a two-headed ogre
  5665 | D:8      | Killed a two-headed ogre
  6191 | D:8      | Noticed a two-headed ogre
  6198 | D:8      | Killed a two-headed ogre
  6198 | D:8      | Reached skill level 12 in Fighting
  6198 | D:8      | Reached XP level 11. HP: 104/104 MP: 11/11
  6294 | D:9      | Received a gift from Trog
  6500 | D:9      | Noticed a two-headed ogre
  6666 | D:9      | Found a staircase to the Orcish Mines.
  7265 | D:9      | Killed a two-headed ogre
  7850 | D:10     | Entered Level 10 of the Dungeon
  7932 | D:10     | Noticed Fannar
  7963 | D:10     | Killed Fannar
  7963 | D:10     | Reached skill level 13 in Fighting
  8137 | D:10     | Noticed Psyche
  8146 | D:10     | Killed Psyche
  8170 | D:10     | Got a translucent glaive
  8171 | D:10     | Identified the +12 glaive of the Countless Tables {speed, rC+ MR+ Str+3} (You found it on level 10 of the Dungeon)
  8286 | D:10     | Noticed Sonja
  8291 | D:10     | Noticed Josephine
  8295 | D:10     | Killed Sonja
  8300 | D:10     | Killed from afar by Josephine

Vault maps used:
D:1:      dpeg_arrival_simpleton_c
D:2:      guppyfry_early_lair_pool, uniq_natasha, uniq_robin
D:3:      nicolae_gozag_seed_capital, nicolae_overflow_crystal_walls,
          chequers_ecumenical_altar_island, uniq_sigmund
D:4:      tgw_xom, nicolae_tso_besieged_by_evil, first_ration,
          trog_eyes_of_draining
D:5:      nicolae_ru_the_path_less_chosen, grunt_temple_overflow_diamond,
          kennysheep_generic_room_2
D:6:      old_standard_altar, minmay_temple_entry_hall, basic_altar,
          fedhas_altar_4
D:7:      cheibrodos_grave_circle, lemuel_doored_altar, lemuel_round_altar,
          minmay_misc_feat_nine_boxes
D:8:      grunt_livestock
D:9:      orc_0_dummy, grunt_tough_drop
D:10:     uniq_psyche, uniq_josephine, uniq_sonja, uniq_fannar
Temple:   minmay_temple_curvy_loop

Skill      XL: |  1  2  3  4  5  6  7  8  9 10 11 |
---------------+----------------------------------+-----
Dodging        | 3 4 5 6 7 8 |  8.5
Fighting       | 4 5 6 7 9 10 12 13 | 13.4
Long Blades    | 4 5 6 8 9 11 12 | 12.4

Action                   |  1- 3 |  4- 6 |  7- 9 | 10-12 || total
-------------------------+-------+-------+-------+-------++-------
Melee: Falchion          |    92 |    15 |       |       ||   107
       Tailslap          |    13 |    20 |    36 |    85 ||   154
       Mace              |       |   103 |       |       ||   103
       Quarterstaff      |       |    32 |   194 |   373 ||   599
       Glaive            |       |       |       |    22 ||    22
Invok: Berserk           |     1 |     1 |     9 |    16 ||    27
       Trog's Hand       |       |     2 |     4 |     8 ||    14
 Abil: Breathe Fire      |       |       |       |     2 ||     2
Evoke: Wand              |       |       |       |     1 ||     1
  Use: Scroll            |       |       |    11 |     1 ||    12
       Potion            |       |       |       |     4 ||     4
 Stab: Sleeping          |       |       |       |     1 ||     1
  Eat: Chunk             |     1 |     7 |    14 |    27 ||    49
       Ration            |       |       |     1 |     1 ||     2
Armor: Skin              |    22 |    77 |    88 |   183 ||   370
Dodge: Dodged            |    62 |   157 |   205 |   533 ||   957
       Rpst.: Falchion   |    19 |     9 |       |       ||    28

Table legend:
 A = Spawn XP
 B = Non-spawn XP
 C = Spawn XP percentage of total XP
 D = Spawn monster count
 E = Non-spawn monster count
 F = Spawn count percentage of total count
 G = Total turns spent on level
                    A         B        C        D         E        F      G
               +---------+---------+-------+---------+---------+-------+---------
         Total |       0 |   20947 |   0.0 |       0 |     302 |   0.0 |  8300
               +---------+---------+-------+---------+---------+-------+---------
           D:1 |       0 |      41 |   0.0 |       0 |      17 |   0.0 |   801
           D:2 |       0 |     152 |   0.0 |       0 |      37 |   0.0 |   699
           D:3 |       0 |     323 |   0.0 |       0 |      15 |   0.0 |   535
           D:4 |       0 |     548 |   0.0 |       0 |      31 |   0.0 |   844
           D:5 |       0 |     700 |   0.0 |       0 |      22 |   0.0 |   753
           D:6 |       0 |     438 |   0.0 |       0 |      12 |   0.0 |   502
           D:7 |       0 |    4991 |   0.0 |       0 |      57 |   0.0 |  1274
           D:8 |       0 |    4147 |   0.0 |       0 |      31 |   0.0 |   764
           D:9 |       0 |    5814 |   0.0 |       0 |      55 |   0.0 |  1564
          D:10 |       0 |    3793 |   0.0 |       0 |      25 |   0.0 |   450
               +---------+---------+-------+---------+---------+-------+---------
